 Dungeon Crawl Stone Soup version 0.26.0-10-g1f06aea511 (webtiles) character file.

Game seed: 11358074281057923217

144 Borgoz the Slasher (level 5, -7/45 HPs)
             Began as a Ghoul Gladiator on Jan 14, 2021.
             Mangled by an ogre
             ... wielding a +0 giant club
              (21 damage)
             ... on level 4 of the Dungeon.
             The game lasted 00:03:01 (2699 turns).

Borgoz the Slasher (Ghoul Gladiator)                Turns: 2699, Time: 00:03:02

Health: -7/45      AC:  4    Str: 18    XL:     5   Next: 27%
Magic:  4/4        EV: 12    Int:  3    God:
Gold:   103        SH:  3    Dex: 11    Spells: 4/4 levels left

rFire    + . .     SeeInvis .   a - +1 long sword
rCold    + + .     Faith    .   g - +0 buckler
rNeg     + + +     Spirit   .   b - +0 leather armour
rPois    ∞         Reflect  .   c - +0 helmet
rElec    .         Harm     .   i - scarf {rC+ rF+}
rCorr    .         Rampage  .   (no gloves)
Will     .....                  (no boots)
Stlth    +.........             (no amulet)
HPRegen  0.00/turn              (no ring)
MPRegen  0.09/turn              (no ring)

@: no status effects
A: claws 1, cold resistance 1, negative energy resistance 3, inhibited
regeneration, torment resistance, unbreathing
a: no special abilities


You were on level 4 of the Dungeon.
You visited 1 branch of the dungeon, and saw 4 of its levels.

You collected 103 gold pieces.

Inventory:

Hand Weapons
 a - a +1 long sword (weapon)
Armour
 b - a +0 leather armour (worn)
 c - a +0 helmet (worn)
 g - a +0 buckler (worn)
 i - a scarf of resistance (worn)
Scrolls
 e - a scroll of teleportation
Potions
 j - a potion of attraction {unknown}
 l - a potion of heal wounds {unknown}
 m - a potion of haste {unknown}


   Skills:
 + Level 3.0 Fighting
 * Level 3.6 Long Blades
 - Level 1.7 Throwing
 * Level 2.0 Armour
 * Level 3.5 Dodging


You had 4 spell levels left.
You didn't know any spells.
Your spell library was empty.

Dungeon Overview and Level Annotations

Branches:
Dungeon (4/15)
 Temple: D:4-7

Altars:
Dithmenos
Okawaru
Trog
Uskayaw
Xom
Yredelemnul
The Shining One


Innate Abilities, Weirdness & Mutations

You thrive by killing the living.
You are immune to poison.
You have sharp fingernails.
Your flesh is cold resistant. (rC+)
You are immune to negative energy. (rN+++)
You do not regenerate when monsters are visible.
You are immune to unholy pain and torment.
You can survive without breathing.


Message History

There is a stone staircase leading up here.
The jackal bites you.
* * * LOW HITPOINT WARNING * * *
The jackal barely misses you.
You hit the jackal.
The jackal is heavily wounded.
The jackal barely misses you.
You closely miss the jackal.
The jackal is heavily wounded.
You block the jackal's attack. The jackal barely misses you.
You slash the jackal!
You kill the jackal!
You feel better.
You barely miss the ogre.
The ogre is severely wounded.
You block the ogre's attack.
You hit the ogre but do no damage.
The ogre is severely wounded.
The ogre hits you with a +0 giant club!!
You die...

#.....#
#...#.#
#...#.# #
#...#.##.#
#o.<.....#
#.#..>...#
..>#o#[##.#
...#.#O#.#
#
......#@#.#
##. # #.# .
. #.# # ..#
###


You could see an ogre and an orc.

Vanquished Creatures
  A centaur (D:2)
  An adder (D:2)
  An ooze (D:2)
  2 worms
  2 giant cockroaches
  5 hobgoblins (D:2)
  2 jackals (D:4)
  10 kobolds
  A quokka (D:2)
  7 bats
  5 frilled lizards
  4 goblins
  2 rats (D:1)
43 creatures vanquished.

Notes
Turn   | Place    | Note
-------+----------+-------------------------------------------
     0 | D:1      | Borgoz the Ghoul Gladiator began the quest for the Orb.
     0 | D:1      | Reached XP level 1. HP: 17/17 MP: 0/0
   204 | D:1      | Reached XP level 2. HP: 25/25 MP: 1/1
   738 | D:2      | Found a shadowy altar of Dithmenos.
   771 | D:2      | Reached skill level 1 in Armour
   771 | D:2      | Reached XP level 3. HP: 4/30 MP: 2/2
  1629 | D:2      | Noticed a centaur
  1654 | D:2      | Killed a centaur
  1655 | D:2      | Reached XP level 4. HP: 11/37 MP: 3/3
  1655 | D:2      | Reached XP level 5. HP: 13/44 MP: 4/4
  2096 | D:2      | Found a shimmering altar of Xom.
  2099 | D:2      | Found an iron altar of Okawaru.
  2102 | D:2      | Found a bloodstained altar of Trog.
  2105 | D:2      | Found a basalt altar of Yredelemnul.
  2572 | D:3      | Noticed a +0 dagger
  2572 | D:3      | Noticed a -2 hand axe
  2574 | D:3      | Found a hide-covered altar of Uskayaw.
  2622 | D:3      | Found a glowing golden altar of the Shining One.
  2677 | D:4      | Noticed an ogre
  2699 | D:4      | Mangled by an ogre

Illustrated notes

Levels and vault maps discovered:
D:1:      amcnicky_arrival_double_pillar, layout_basic
D:2:      layout_basic, lemuel_doored_altar, grunt_temple_overflow_cloverleaf
D:3:      layout_rooms, tso_oasis_becter, dancing_weapons_uskayaw
D:4:      layout_basic, hangedman_ru_absence

Skill      XL: |  1  2  3  4  5 |
---------------+----------------+-----
Long Blades    | 3 |  3.6
Dodging        | 3 |  3.5
Armour         | 1 2 |  2.0
Fighting       | 3 |  3.0
Throwing       | |  1.7

Action                   |  1- 3 |  4- 6 || total
-------------------------+-------+-------++-------
Melee: Long sword        |   111 |    24 ||   135
Throw: Throwing net      |     6 |       ||     6
  Use: Scroll            |     6 |     3 ||     9
       Potion            |     1 |       ||     1
 Stab: Held in net/web   |     1 |       ||     1
Armor: Leather armour    |    35 |     3 ||    38
Dodge: Dodged            |    98 |    25 ||   123
Block: Buckler           |     7 |     9 ||    16
       Rpst.: Long sword |    20 |     5 ||    25
